Map: Ley Lines

Players

DisK - Winner!

  • Race: Protoss Protoss
  • Spawn Location: 1:00

A.I. 1 (Very Easy)

  • Race: Protoss Protoss
  • Spawn Location: 7:00

VOD

Have the link to the VOD?

Description

Time

  • Played on: Feb. 23, 2025, 8:58 p.m.
  • Length: 9:56
Show
View Real Time Build Order
Export as new Build Order

DisK Protoss - Winner!

Build Orders:  

Get SALT Encoding   

  12  0:00  Probe  
  13  0:12  Probe  
  14  0:17  Pylon  
  14  0:24  Probe  
  15  0:32  Probe  
  15  0:35  Gateway  
  15  0:40  Probe  
  16  0:46  Assimilator  
  17  0:50  Probe  
  17  0:54  Assimilator  
  18  0:59  Probe  
  19  1:08  Gateway, Probe  
  19  1:17  Probe  
  20  1:24  Cybernetics Core  
  21  1:29  Probe  
  22  1:35  Pylon  
  22  1:41  Probe  
  23  1:53  Probe  
  24  1:57  Stalker  
  24  2:00  Sentry  
  28  2:05  Probe  
  28  2:06  Warp Gate  
  29  2:11  Pylon  
  29  2:21  Pylon  
  29  2:29  Sentry  
  31  2:30  Phoenix  
  31  2:31  Stalker  
  33  2:43  Nexus  
  33  2:46  Probe  
  34  2:54  Shield Battery  
  34  3:01  Twilight Council  
  34  3:04  Probe  
  35  3:06  Phoenix  
  35  3:10  Pylon, Blink  
  35  3:12  Probe  
  36  3:20  Probe  
  37  3:34  Probe  
  38  3:46  Probe  
  39  3:52  Probe  
  40  3:58  Stalker, Probe  
  40  3:59  Stalker  
  40  4:00  Probe  
  45  4:09  Probe  
  46  4:10  Probe  
  48  4:17  Phoenix  
  48  4:21  Probe  
  48  4:22  Stalker x2, Probe  
  54  4:33  Nexus  
  54  4:34  Probe  
  54  4:35  Pylon  
  55  4:39  Probe  
  56  4:46  Probe  
  56  4:47  Stalker x2  
  56  4:51  Probe  
  62  4:54  Shield Battery  
  62  5:00  Assimilator, Probe  
  62  5:02  Pylon  
  62  5:03  Probe  
  64  5:07  Robotics Facility  
  64  5:11  Forge  
  64  5:13  Probe  
  65  5:16  Probe  
  66  5:25  Probe  
  66  5:27  Protoss Ground Weapons Level 1  
  66  5:28  Gateway x2, Probe  
  68  5:35  Stalker x2  
  72  5:36  Probe  
  72  5:41  Probe x2  
  74  5:44  Probe  
  74  5:49  Charge  
  76  5:50  Probe  
  76  5:52  Probe  
  76  5:53  Probe  
  76  5:56  Observer  
  80  5:58  Pylon  
  80  6:03  Probe  
  80  6:05  Probe  
  82  6:12  Gateway  
  82  6:13  Gateway x2  
  82  6:15  Gateway  
  84  6:24  Observer  
  84  6:25  Stalker x3  
  89  6:34  Nexus  
  89  6:36  Pylon  
  89  6:39  Probe x2  
  91  6:40  Probe  
  91  6:42  Assimilator  
  91  6:45  Stalker  
  94  6:49  Protoss Ground Weapons Level 2  
  94  6:50  Templar Archives  
  94  6:52  Probe  
  94  6:53  Probe x2  
  97  6:56  Zealot x2  
  97  6:57  Zealot  
  103  7:05  Probe  
  103  7:06  Probe x2  
  106  7:09  Pylon  
  106  7:10  Pylon  
  106  7:11  Pylon  
  106  7:17  Gateway  
  106  7:21  Gateway  
  106  7:22  Stalker  
  108  7:23  Probe  
  108  7:24  Pylon  
  108  7:27  Probe x2  
  108  7:28  Warp Prism  
  111  7:32  High Templar x2  
  111  7:33  Zealot x2  
  119  7:37  Archon  
  119  7:39  Observer  
  119  7:44  Probe x3  
  124  7:47  Pylon  
  124  7:49  Pylon  
  124  7:52  Probe  
  124  7:53  Zealot x2  
  124  7:56  Probe x2  
  131  7:58  High Templar  
  131  7:59  Zealot, High Templar  
  131  8:00  Zealot  
  131  8:04  Pylon, Archon  
  139  8:11  Shield Battery  
  139  8:13  Zealot x3  
  139  8:14  Zealot x2  
  149  8:20  Pylon, High Templar  
  149  8:23  Photon Cannon  
  149  8:25  High Templar  
  149  8:26  Photon Cannon  
  153  8:29  Zealot, Photon Cannon  
  153  8:30  Photon Cannon, Archon  
  153  8:32  Zealot x2  
  159  8:36  Zealot x2  
  159  8:40  Observer  
  164  8:41  Zealot x3  
  164  8:46  Pylon  
  170  8:52  Dark Shrine  
  170  8:55  Zealot x4  
  178  9:01  Nexus  
  178  9:03  Pylon  
  178  9:08  Zealot x3  
  184  9:13  Zealot x3  
  184  9:16  Pylon  
  190  9:31  Zealot x3  
  190  9:32  Zealot x2  
  190  9:36  Gateway  
  190  9:37  Gateway, Assimilator  
  200  9:39  Assimilator  
  200  9:44  Photon Cannon  
  200  9:45  Photon Cannon  
  200  9:46  Shield Battery  
Show
View Real Time Build Order
Export as new Build Order

A.I. 1 (Very Easy) Protoss 

Build Orders:  

Get SALT Encoding   

  12  0:00  Probe  
  13  0:13  Probe  
  14  0:19  Pylon  
  14  0:36  Assimilator  
  14  0:43  Gateway  
  14  0:46  Pylon  
  14  1:13  Assimilator  
  14  1:23  Probe  
  14  1:24  Zealot  
  14  1:31  Probe  
  17  1:33  Cybernetics Core  
  18  1:41  Probe  
  19  1:53  Probe  
  20  1:59  Warp Gate  
  20  2:02  Probe  
  21  2:10  Probe  
  22  2:46  Stalker  
  24  4:27  Probe  
  24  7:25  Probe  
  25  7:30  Adept  
  25  7:31  Pylon  
  25  7:32  Robotics Facility  
  25  7:33  Probe  
  26  7:39  Nexus  
  26  7:41  Probe  
  27  7:49  Probe  
  28  7:57  Probe  
  30  8:17  Observer  
  31  8:29  Observer  
  32  8:41  Stalker  
  30  8:50  Probe  
  31  8:59  Assimilator, Probe  
  31  9:02  Probe  
  32  9:04  Assimilator  
  34  9:19  Stalker  
  34  9:20  Probe  
  27  9:28  Pylon  
  22  9:32  Probe  
Tags
 

No tags found.

Add a new tag
Caveats
  • Supply blocks, unpowered buildings, or Contaminate may cause inaccurate times.
  • Supply counts are checked every 10 seconds.